 Dungeon Crawl Stone Soup version 0.16-a0-3536-g164200f (webtiles) character file.

2895 Gronka the Grappler (level 9, -5/88 HPs)
             Began as a Troll Monk on Jan 8, 2015.
             Was an Elder of Okawaru.
             Slain by a troll (14 damage)
             ... on level 8 of the Dungeon.
             The game lasted 00:20:24 (5646 turns).

Gronka the Grappler (Troll Monk)                    Turns: 5646, Time: 00:20:24

Health: -5/88      AC:  7    Str: 24    XL:     9   Next: 49%
Magic:  4/4        EV: 13    Int:  6    God:    Okawaru [****..]
Gold:   454        SH:  0    Dex: 12    Spells: 0 memorised, 8 levels left

rFire  + . .     SeeInvis .       - Unarmed
rCold  . . .     Clarity  .     n - +2 robe {rF+}
rNeg   . . .     SustAb   .     (shield restricted)
rPois  .         Gourm    +     (helmet restricted)
rElec  .         Spirit   .     (no cloak)
rCorr  .         Warding  .     (gloves unavailable)
rMut   .         Stasis   .     (boots unavailable)
MR     .....                    (no amulet)
Stlth  +++.......               (no ring)
                                b - ring of stealth

@: not resistant to hostile enchantments, fairly stealthy
A: unfitting armour, claws 3, fast metabolism 3, gourmand, regeneration 2,
shaggy fur 1, tough skin 2
a: Heroism, Renounce Religion


You were on level 8 of the Dungeon.
You worshipped Okawaru.
Okawaru was greatly pleased with you.
You were not hungry.

You visited 2 branches of the dungeon, and saw 9 of its levels.

You collected 454 gold pieces.

Inventory:

Armour
 a - a +0 robe
 n - a +2 robe of fire resistance (worn)
Jewellery
 b - a ring of stealth (left claw)
Magical devices
 c - a wand of fire (6)
 m - a wand of slowing (23)
 p - a wand of hasting (2)
 w - a wand of teleportation (1)
 A - a wand of flame (5)
Scrolls
 d - 4 scrolls of teleportation
 e - 3 scrolls of magic mapping
 f - 3 scrolls of blinking
 h - 2 scrolls of enchant weapon {unknown}
 i - 3 scrolls of fog
 k - 9 scrolls of remove curse {unknown}
 l - 2 scrolls of amnesia {unknown}
 t - 2 scrolls of enchant armour {unknown}
 u - 3 scrolls of noise {unknown}
 y - 3 scrolls of identify
Potions
 g - a potion of might {unknown}
 o - a potion of brilliance
 q - a potion of restore abilities
 x - 3 potions of curing
 z - a potion of invisibility {unknown}
 C - a potion of cancellation {unknown}
Books
 j - a book of Cantrips

   Spells                             Type                      Level
   a - Corona                         Hexes                        1
   b - Animate Skeleton               Necromancy                   1
   c - Summon Small Mammal            Summoning                    1
   d - Apportation                    Translocation                1
 B - a book of Party Tricks

   Spells                             Type                      Level
   a - Summon Butterflies             Summoning                    1
   b - Apportation                    Translocation                1
   c - Tukima's Dance                 Hexes                        3
   d - Alistair's Intoxication        Transmutation/Poison         4
   e - Invisibility                   Hexes                        6
Comestibles
 r - 6 bread rations
 s - 3 royal jellies
 v - 3 meat rations


   Skills:
 + Level 5.6 Fighting
 + Level 7.1 Dodging
 + Level 3.1 Stealth
 + Level 8.5 Unarmed Combat


You had 8 spell levels left.
You didn't know any spells.

Dungeon Overview and Level Annotations

Branches:
Dungeon (8/15)             Temple (1/1) D:6
   Lair: D:8-11

Altars:
Ashenzari
Cheibriados
Dithmenos
Elyvilon
Fedhas
Gozag
Kikubaaqudgha
Makhleb
Nemelex Xobeh
Okawaru
Qazlal
Ru
Sif Muna
Trog
Vehumet
Xom
Yredelemnul
Zin
The Shining One


Innate Abilities, Weirdness & Mutations

You are too large for most types of armour.
You have claws for hands.
Your metabolism is lightning-fast.
You like to eat raw meat.
You heal very quickly.
You are covered in fur (AC +1).
You have very tough skin (AC +2).


Message History

You scratch the troll.
The troll is severely wounded.
The troll barely misses you. The troll claws you. The troll claws you!
You scratch the troll.
The troll is severely wounded.
The troll bites you!
* * * LOW HITPOINT WARNING * * *
The troll claws you!
* * * LOW HITPOINT WARNING * * *
The troll completely misses you.
Drink which item? (? for menu, Esc to quit)
You feel better. The troll barely misses you. The troll claws you!
* * * LOW HITPOINT WARNING * * *
The troll claws you but does no damage.
Zapping:
w - a wand of teleportation (will waste charges)
Press: ? - help, Shift-Dir - straight line Nothing appears to happen.
Evoking this partially-identified wand wasted a few charges.
The troll bites you!
You die...

.# ####.##### ##
#........# #####
#.##.###.# ......
#.#....#.# #......
######.#..#.#.# #......
#...##.####.#.# #......
#...##......#.#
#......##...#########.#
#......[@....(........#
#..>....#T..###########
#.......#........####
#.......#...........#
#####.?.#...........#
#...##+#........ #...#
.......## #....
.......# ### ........#


You could see a troll (bleeding).

Vanquished Creatures
  A spriggan (D:7)
  2 hippogriffs (D:8)
  A water moccasin (D:8)
  An ice beast (D:8)
  An orc warrior (D:7)
  2 phantoms
  2 sky beasts (D:8)
  2 ogres
  3 centaurs (D:8)
  Sigmund (D:2)
  Duvessa (D:8)
  A giant frog (D:8)
  A scorpion (D:4)
  4 wights (D:3)
  3 crimson imps
  Dowan (D:8)
  A goliath beetle (D:8)
  3 orc priests
  A jelly (D:5)
  3 hounds
  4 iguanas
  An orc wizard (D:7)
  7 worker ants
  2 hound skeletons
  8 adders
  5 gnolls
  A giant mite (D:3)
  5 worms
  An adder skeleton (D:5)
  2 adder zombies (D:6)
  10 giant geckos
  An ooze (D:6)
  11 orcs
  2 ball pythons (D:3)
  11 bats
  A bat skeleton (D:6)
  8 giant cockroaches
  13 hobgoblins
  9 jackals
  9 kobolds
  3 quokkas
  A giant gecko zombie (D:5)
  3 giant newts
  10 goblins
  A jackal skeleton (D:5)
  2 quokka skeletons
  19 rats
185 creatures vanquished.

Notes
Turn   | Place    | Note
--------------------------------------------------------------
     0 | D:1      | Gronka, the Troll Monk, began the quest for the Orb.
     0 | D:1      | Reached XP level 1. HP: 22/22 MP: 1/1
    61 | D:1      | Reached XP level 2. HP: 21/29 MP: 1/1
   220 | D:1      | Reached XP level 3. HP: 33/36 MP: 2/2
   584 | D:2      | Found an iron altar of Okawaru.
   621 | D:2      | Became a worshipper of Warmaster Okawaru
   621 | D:2      | Acquired Okawaru's first power
   636 | D:2      | Reached XP level 4. HP: 36/44 MP: 2/2
   690 | D:2      | Found a sparkling altar of Nemelex Xobeh.
   719 | D:2      | Found a blossoming altar of Fedhas.
   741 | D:2      | Found a stormy altar of Qazlal.
   777 | D:2      | Noticed Sigmund
   787 | D:2      | Killed Sigmund
   787 | D:2      | Reached XP level 5. HP: 38/53 MP: 2/2
  1128 | D:3      | Reached skill level 5 in Unarmed Combat
  1152 | D:3      | Noticed a phantom
  1161 | D:3      | Killed a phantom
  1161 | D:3      | Reached XP level 6. HP: 49/61 MP: 3/3
  1801 | D:3      | Found a sparkling altar of Nemelex Xobeh.
  2122 | D:4      | Reached XP level 7. HP: 68/68 MP: 3/3
  2394 | D:5      | Entered Level 5 of the Dungeon
  2410 | D:5      | Reached skill level 6 in Unarmed Combat
  2739 | D:5      | Found a radiant altar of Vehumet.
  2841 | D:5      | Reached skill level 5 in Dodging
  2856 | D:5      | Found an opulent altar of Gozag.
  3523 | D:6      | Reached XP level 8. HP: 76/78 MP: 3/3
  3660 | D:6      | Found a staircase to the Ecumenical Temple.
  3670 | Temple   | Entered the Ecumenical Temple
  4412 | D:7      | Reached skill level 7 in Unarmed Combat
  4692 | D:7      | Found a deep blue altar of Sif Muna.
  4692 | D:7      | Found a basalt altar of Yredelemnul.
  5019 | D:8      | Reached skill level 5 in Fighting
  5019 | D:8      | Reached XP level 9. HP: 82/88 MP: 4/4
  5110 | D:8      | Noticed Dowan
  5111 | D:8      | Noticed Duvessa
  5130 | D:8      | Killed Duvessa
  5135 | D:8      | Killed Dowan
  5157 | D:8      | Reached skill level 8 in Unarmed Combat
  5629 | D:8      | Noticed a troll
  5646 | D:8      | Slain by a troll

Action                   |  1- 3 |  4- 6 |  7- 9 || total
-------------------------+-------+-------+-------++-------
Melee: Unarmed           |   121 |   128 |   330 ||   579
Invok: Heroism           |       |       |     1 ||     1
Evoke: Wand              |       |       |     1 ||     1
  Use: Scroll            |       |     4 |     1 ||     5
       Potion            |       |       |     5 ||     5
 Stab: Sleeping          |       |     2 |     5 ||     7
       Distracted        |       |       |     1 ||     1
  Eat: Meat ration       |     1 |     1 |     1 ||     3
       Bread ration      |       |     2 |     1 ||     3
       Chunk             |       |     1 |    19 ||    20
       Beef jerky        |       |       |     2 ||     2
